Map: [ESL] Data-C

Players

Scarlett - Winner!

  • Race: Zerg Zerg
  • Spawn Location: 3:00

DisK

  • Race: Protoss Protoss
  • Spawn Location: 9:00

Event: DreamHack SC2 Masters 2022 Atlanta (Online)

VOD

Have the link to the VOD?

Description

Time

  • Played on: Oct. 8, 2022, 6:18 p.m.
  • Length: 39:37

All games in this series

Show
View Real Time Build Order
Export as new Build Order

Scarlett Zerg - Winner!

Build Orders: Hatch First, Brood Lord Corruptor 

Get SALT Encoding   

  12  0:00  Drone  
  13  0:12  Overlord  
  13  0:16  Drone  
  14  0:30  Drone x2  
  16  0:47  Hatchery  
  15  0:51  Drone  
  15  0:54  Drone  
  17  0:58  Drone  
  18  1:08  Extractor  
  17  1:13  Spawning Pool  
  17  1:16  Drone  
  17  1:20  Drone  
  18  1:28  Drone  
  19  1:38  Drone  
  20  1:49  Drone  
  21  2:00  Zergling x2, Queen x2, Overlord  
  26  2:10  Drone  
  26  2:11  Overlord  
  27  2:20  Drone  
  27  2:21  Metabolic Boost  
  28  2:23  Drone  
  29  2:36  Hatchery  
  28  2:38  Zergling x2  
  29  2:44  Queen  
  29  2:47  Drone  
  29  2:49  Drone  
  33  2:53  Drone x2  
  35  3:00  Queen  
  35  3:03  Drone  
  38  3:07  Overlord  
  38  3:09  Drone  
  38  3:11  Drone  
  40  3:15  Drone x2  
  42  3:25  Drone x2  
  44  3:28  Overlord  
  44  3:29  Queen  
  44  3:33  Drone  
  47  3:36  Queen  
  47  3:39  Drone  
  50  3:42  Drone  
  50  3:45  Overlord  
  50  3:46  Drone  
  52  3:51  Drone x3  
  52  3:55  Drone  
  56  3:58  Roach Warren  
  56  4:01  Drone x2  
  57  4:03  Drone  
  57  4:04  Drone  
  57  4:09  Drone x2  
  61  4:13  Extractor  
  61  4:16  Zergling x10  
  65  4:24  Zergling x10  
  69  4:25  Overlord  
  69  4:30  Spore Crawler  
  68  4:32  Spore Crawler  
  68  4:35  Drone  
  68  4:36  Overlord x2  
  68  4:44  Lair  
  68  4:45  Overlord  
  68  4:52  Drone x7  
  74  4:58  Overlord  
  74  4:59  Drone x3  
  79  5:07  Queen  
  81  5:17  Spore Crawler  
  81  5:20  Drone x9  
  81  5:25  Drone x2  
  81  5:27  Extractor  
  82  5:28  Drone x2  
  82  5:47  Drone x5  
  84  5:52  Evolution Chamber  
  84  5:54  Extractor x2  
  81  5:58  Drone x10  
  81  5:59  Glial Reconstitution  
  81  6:00  Drone x2  
  81  6:03  Extractor  
  81  6:04  Hatchery  
  91  6:08  Roach x2  
  95  6:17  Drone x6  
  93  6:19  Overseer  
  93  6:27  Roach x6  
  105  6:33  Baneling Nest  
  105  6:35  Drone  
  105  6:36  Roach x3  
  111  6:46  Roach  
  113  6:48  Overlord x5  
  113  6:56  Zerg Missile Weapons Level 1  
  113  7:00  Overlord x3  
  113  7:02  Overlord  
  113  7:08  Overseer  
  113  7:16  Centrifugal Hooks  
  113  7:20  Drone x12  
  125  7:26  Zergling x2  
  125  7:27  Zergling x6  
  129  7:31  Queen x2  
  129  7:35  Queen  
  134  7:38  Drone x5  
  134  7:41  Infestation Pit  
  129  7:46  Drone x3  
  129  7:48  Spore Crawler  
  129  7:50  Spore Crawler  
  129  7:51  Spore Crawler  
  128  7:59  Drone x8  
  128  8:04  Extractor  
  128  8:05  Extractor  
  134  8:06  Drone, Evolution Chamber  
  134  8:07  Drone x3  
  133  8:14  Drone x7  
  133  8:19  Hive  
  139  8:26  Drone x6  
  145  8:32  Overlord  
  145  8:34  Zerg Melee Weapons Level 1  
  145  8:40  Zergling x20  
  153  8:45  Ravager x11  
  153  8:47  Baneling  
  153  8:48  Baneling x11  
  163  8:50  Baneling x3  
  163  8:51  Baneling x3  
  163  8:52  Baneling  
  163  8:53  Baneling  
  163  8:55  Zergling x8  
  167  9:06  Zergling x16  
  167  9:07  Zergling x6  
  174  9:10  Baneling x8  
  164  9:31  Zergling x32  
  161  9:42  Viper x2, Adrenal Glands  
  161  9:43  Viper  
  161  9:45  Ravager  
  171  9:46  Zerg Missile Weapons Level 2, Roach x3  
  171  9:51  Spire  
  176  9:58  Drone  
  176  9:59  Drone x9  
  181  10:03  Hatchery  
  181  10:06  Roach  
  181  10:07  Roach x5  
  190  10:18  Ravager x2  
  190  10:19  Ravager  
  190  10:20  Baneling x13  
  192  10:30  Ravager x3  
  195  10:39  Zerg Melee Weapons Level 2  
  194  10:52  Roach x3  
  200  11:01  Extractor, Spine Crawler  
  200  11:04  Zergling x8  
  196  11:06  Baneling x19  
  195  11:23  Drone x4  
  190  11:26  Roach x4  
  190  11:27  Roach x2  
  196  11:35  Hatchery  
  191  11:41  Greater Spire  
  191  11:48  Overlord  
  191  11:54  Zergling x16  
  191  12:00  Overseer x2  
  194  12:12  Zergling x12  
  198  12:17  Pneumatized Carapace  
  198  12:20  Zerg Ground Armor Level 1  
  198  12:34  Spine Crawler  
  198  12:35  Spine Crawler  
  198  12:36  Spine Crawler  
  198  12:37  Spine Crawler x2  
  194  12:38  Spine Crawler  
  190  12:55  Corruptor  
  190  12:56  Corruptor x8  
  193  13:01  Spore Crawler  
  193  13:04  Spine Crawler x3  
  193  13:05  Zerg Melee Weapons Level 3  
  189  13:09  Zergling x22  
  193  13:42  Brood Lord  
  193  13:43  Brood Lord x2  
  198  13:55  Hatchery  
  197  14:10  Brood Lord  
  197  14:13  Hydralisk Den  
  197  14:16  Brood Lord, Spine Crawler x2  
  195  14:18  Spore Crawler  
  195  14:19  Brood Lord  
  195  14:28  Brood Lord x2  
  195  14:31  Zerg Flyer Weapons Level 1, Spire  
  196  14:40  Baneling  
  196  14:41  Baneling x9  
  195  14:47  Spore Crawler  
  195  14:52  Corruptor, Brood Lord  
  196  14:53  Spine Crawler  
  196  14:54  Spine Crawler  
  196  14:55  Overseer  
  196  15:06  Lurker Den  
  193  15:14  Corruptor  
  193  15:15  Corruptor x2, Spore Crawler, Extractor  
  193  15:16  Spore Crawler x2  
  193  15:19  Extractor  
  193  15:25  Corruptor x3  
  193  15:26  Corruptor x5  
  197  15:45  Corruptor  
  197  15:47  Overseer x2  
  199  15:58  Spore Crawler  
  199  15:59  Spore Crawler  
  199  16:00  Spore Crawler x2  
  199  16:01  Spore Crawler  
  199  16:02  Spore Crawler  
  199  16:03  Spore Crawler x2  
  199  16:04  Spore Crawler  
  190  16:08  Brood Lord  
  192  16:16  Pathogen Glands  
  182  16:24  Drone x3  
  182  16:25  Zerg Flyer Armor Level 1  
  185  16:27  Drone x3  
  188  16:40  Zerg Flyer Weapons Level 2  
  188  16:41  Infestor x4  
  184  17:00  Brood Lord x4  
  184  17:01  Brood Lord x2  
  196  17:13  Infestor  
  194  17:37  Overlord x4  
  194  17:41  Zerg Ground Armor Level 2  
  194  17:42  Zerg Missile Weapons Level 3  
  196  17:58  Drone x3  
  196  18:02  Spore Crawler  
  196  18:05  Spore Crawler  
  187  18:20  Corruptor x4  
  187  18:21  Corruptor x4  
  200  18:32  Zerg Flyer Armor Level 2  
  200  18:44  Spore Crawler  
  200  18:45  Spore Crawler  
  200  18:46  Spore Crawler  
  200  18:47  Corruptor  
  199  19:09  Zerg Flyer Weapons Level 3  
  199  19:22  Seismic Spines  
  199  19:29  Spore Crawler x2  
  195  19:36  Infestor x2  
  197  20:12  Hydralisk  
  199  20:19  Adaptive Talons  
  199  20:55  Lurker  
  194  21:19  Zergling x12  
  193  21:39  Unknown  
  192  21:40  Hatchery  
  192  21:41  Corruptor  
  192  21:42  Corruptor x3  
  199  21:50  Spore Crawler  
  199  21:51  Spore Crawler x2, Zerg Flyer Armor Level 3  
  199  21:53  Spore Crawler, Zerg Ground Armor Level 3  
  199  21:54  Spore Crawler, Spire  
  194  21:56  Spore Crawler, Drone x3  
  194  21:59  Hydralisk  
  194  22:00  Hydralisk  
  199  22:07  Spore Crawler  
  198  22:08  Spore Crawler  
  191  22:27  Infestor x6  
  197  22:35  Hatchery, Extractor  
  197  22:36  Extractor  
  194  22:51  Drone x4  
  194  22:52  Drone x2  
  194  22:53  Spore Crawler  
  194  22:55  Spore Crawler  
  194  22:56  Overlord  
  198  24:03  Corruptor  
  200  24:21  Spore Crawler x4  
  200  24:22  Spore Crawler x2  
  195  24:24  Lurker x2  
  195  24:27  Spore Crawler  
  195  24:29  Spore Crawler  
  194  24:35  Greater Spire  
  194  24:39  Overseer x2  
  194  24:40  Overlord x3  
  194  24:41  Overseer x4  
  194  24:50  Drone x3  
  194  24:51  Spore Crawler, Drone x3  
  199  25:13  Overseer x3  
  192  25:53  Corruptor x8  
  191  26:07  Zergling x20  
  199  26:22  Spore Crawler  
  198  26:47  Spore Crawler x2  
  198  26:49  Spore Crawler x3  
  193  26:55  Spore Crawler  
  187  27:11  Corruptor x5  
  196  27:25  Corruptor  
  145  27:55  Corruptor x2  
  145  27:56  Corruptor x14  
  149  28:00  Corruptor x9  
  149  28:01  Corruptor x2  
  149  28:04  Corruptor  
  165  28:11  Corruptor  
  167  28:13  Extractor  
  167  28:14  Hatchery  
  162  28:29  Extractor  
  162  28:30  Hydralisk x2  
  162  28:33  Viper  
  166  28:52  Drone x3  
  166  28:53  Drone x8  
  170  29:26  Hatchery  
  169  29:31  Queen  
  169  29:33  Lurker  
  169  29:36  Brood Lord  
  174  29:51  Viper  
  177  29:54  Neural Parasite, Burrow  
  177  30:24  Hatchery  
  176  30:32  Drone  
  176  30:33  Drone x2  
  179  31:03  Hatchery  
  178  31:35  Zergling x2  
  178  31:36  Zergling x12  
  181  31:41  Zergling x12  
  186  31:52  Drone, Extractor  
  186  31:53  Drone x2, Extractor  
  187  32:12  Drone x3  
  189  32:44  Queen  
  189  33:23  Corruptor x5  
  195  34:36  Extractor  
  195  34:37  Extractor  
  193  34:48  Drone x2  
  193  34:49  Drone  
  196  35:05  Infestor  
  196  36:51  Spawning Pool  
  195  37:44  Lair  
  195  38:09  Drone x3  
  195  38:11  Spore Crawler x2  
  195  38:12  Spore Crawler, Drone x3  
  198  38:13  Spore Crawler  
  197  38:21  Corruptor  
  197  38:23  Spore Crawler  
  197  38:25  Spore Crawler  
  193  38:37  Corruptor x3  
  199  38:55  Corruptor x6  
  183  39:19  Zergling x4  
Show
View Real Time Build Order
Export as new Build Order

DisK Protoss 

Build Orders: 1 Gate Expand, Carriers, Colossus Rush 

Get SALT Encoding   

  12  0:00  Probe  
  13  0:12  Probe  
  14  0:19  Pylon  
  14  0:24  Probe  
  15  0:37  Probe (Chrono Boost)  
  15  0:38  Gateway  
  16  0:47  Assimilator  
  16  0:48  Probe (Chrono Boost)  
  17  0:52  Probe (Chrono Boost)  
  18  1:04  Probe  
  19  1:16  Probe  
  20  1:24  Nexus  
  20  1:36  Cybernetics Core  
  20  1:38  Probe  
  21  1:43  Assimilator  
  21  1:50  Probe  
  22  1:55  Pylon  
  22  2:02  Probe (Chrono Boost)  
  23  2:11  Adept (Chrono Boost)  
  23  2:12  Warp Gate  
  26  2:16  Probe (Chrono Boost)  
  26  2:21  Probe (Chrono Boost)  
  26  2:26  Robotics Facility  
  27  2:33  Stalker (Chrono Boost)  
  27  2:37  Probe x2  
  30  2:49  Probe x2  
  32  3:01  Probe x2  
  32  3:05  Gateway  
  34  3:08  Adept  
  36  3:13  Probe  
  36  3:16  Robotics Bay  
  36  3:18  Observer, Probe  
  39  3:25  Probe  
  40  3:30  Probe (Chrono Boost), Pylon  
  41  3:37  Assimilator  
  41  3:38  Assimilator  
  43  3:42  Probe (Chrono Boost)  
  43  3:43  Probe (Chrono Boost)  
  43  3:44  Warp Prism (Chrono Boost)  
  45  3:48  Probe (Chrono Boost)  
  45  3:51  Probe (Chrono Boost)  
  47  3:59  Probe  
  47  4:02  Probe  
  49  4:04  Pylon  
  49  4:08  Gravitic Drive  
  49  4:09  Disruptor (Chrono Boost)  
  49  4:11  Probe  
  53  4:22  Probe  
  53  4:23  Probe  
  55  4:33  Nexus  
  55  4:36  Shield Battery  
  55  4:37  Pylon  
  55  4:39  Probe  
  55  4:41  Probe  
  55  4:44  Zealot  
  59  4:47  Zealot  
  61  4:54  Probe  
  61  4:59  Stargate  
  62  5:01  Stargate  
  62  5:03  Pylon  
  62  5:05  Probe  
  66  5:15  Colossus  
  69  5:22  Probe x2  
  71  5:28  Pylon  
  71  5:33  Sentry x2  
  71  5:34  Probe (Chrono Boost)  
  76  5:37  Probe (Chrono Boost), Pylon  
  77  5:46  Probe (Chrono Boost)  
  77  5:47  Phoenix x2  
  77  5:48  Probe (Chrono Boost)  
  84  5:50  Probe (Chrono Boost)  
  84  5:54  Twilight Council, Probe (Chrono Boost)  
  86  5:58  Probe (Chrono Boost)  
  86  5:59  Forge  
  86  6:00  Probe (Chrono Boost)  
  86  6:02  Probe (Chrono Boost)  
  88  6:06  Assimilator  
  88  6:07  Assimilator  
  88  6:08  Probe  
  88  6:09  Probe  
  90  6:15  Phoenix x2  
  94  6:21  Disruptor  
  94  6:22  Phoenix  
  94  6:23  Probe x2  
  94  6:24  Probe  
  100  6:27  Gateway  
  100  6:30  Gateway  
  100  6:33  Protoss Ground Weapons Level 1 (Chrono Boost)  
  100  6:34  Gateway  
  100  6:37  Pylon  
  100  6:38  Probe x2  
  102  6:42  Phoenix  
  102  6:43  Blink (Chrono Boost)  
  102  6:46  Phoenix  
  106  6:50  Probe x2  
  106  6:51  Probe  
  109  7:02  Gateway  
  109  7:07  Probe x3  
  112  7:11  Phoenix x2  
  116  7:26  Pylon  
  116  7:27  Pylon  
  116  7:28  Gateway, Pylon x2  
  116  7:31  Gateway  
  116  7:33  Gateway  
  116  7:44  Probe x2  
  116  7:46  Stalker x5  
  126  7:54  Pylon  
  126  7:56  Disruptor  
  127  8:00  Nexus  
  127  8:01  Observer  
  127  8:04  Probe x2  
  127  8:05  Probe  
  127  8:16  Stalker x5  
  137  8:25  Stalker x2  
  137  8:27  Pylon  
  139  8:28  Stalker  
  139  8:29  Pylon  
  141  8:39  Protoss Ground Weapons Level 2 (Chrono Boost)  
  141  8:44  Stalker x5  
  141  8:46  Charge  
  151  9:00  Stalker x3  
  151  9:01  Disruptor  
  160  9:08  Stalker x5  
  154  9:36  Stalker x8  
  154  9:38  Disruptor  
  145  9:41  Probe x2  
  145  9:42  Probe  
  150  9:46  Shield Battery  
  150  9:48  Shield Battery  
  150  9:49  Assimilator  
  150  9:51  Assimilator  
  150  9:53  Probe  
  150  9:54  Probe  
  152  10:06  Stalker x3  
  152  10:07  Stalker x5  
  166  10:10  Templar Archives  
  168  10:22  Photon Cannon  
  168  10:24  Photon Cannon  
  168  10:29  Shield Battery  
  168  10:39  Zealot x3  
  168  10:40  Zealot  
  168  10:42  Zealot x8  
  176  10:49  Gateway  
  182  10:50  Gateway, Pylon  
  182  10:51  Pylon  
  182  10:53  Photon Cannon, Psionic Storm  
  182  10:57  Fleet Beacon  
  182  11:09  Protoss Air Weapons Level 1  
  182  11:11  High Templar x5  
  188  11:15  Gateway  
  188  11:18  Gateway  
  190  11:28  Protoss Ground Weapons Level 3 (Chrono Boost)  
  190  11:32  Photon Cannon  
  184  11:35  Photon Cannon  
  184  11:37  High Templar x3  
  184  11:38  Photon Cannon  
  182  11:41  Archon  
  182  11:44  Photon Cannon  
  182  11:45  Zealot x4  
  190  11:47  Photon Cannon  
  190  11:49  Pylon  
  190  11:51  Observer (Chrono Boost)  
  188  12:20  Zealot x6  
  190  12:30  Zealot x4  
  190  12:31  Dark Shrine  
  176  13:00  Zealot x4  
  176  13:03  Zealot x6  
  196  13:28  Nexus  
  196  13:30  Pylon  
  200  13:34  Carrier  
  194  13:46  Gravitic Boosters (Chrono Boost)  
  182  13:51  Dark Templar x5  
  182  13:55  Pylon  
  192  13:57  Zealot x4  
  198  14:10  Protoss Air Weapons Level 2 (Chrono Boost)  
  198  14:16  Photon Cannon  
  196  14:18  Archon  
  196  14:19  Photon Cannon  
  196  14:20  Dark Templar x4  
  196  14:22  Photon Cannon  
  196  14:25  Shield Battery  
  196  14:26  Shield Battery, High Templar x3  
  196  14:28  Photon Cannon  
  200  14:35  Photon Cannon  
  198  14:51  Stargate  
  198  14:52  Stargate  
  198  14:53  Protoss Shields Level 1 (Chrono Boost)  
  193  15:32  Carrier  
  199  15:49  Assimilator  
  199  15:50  Assimilator  
  199  16:08  Nexus  
  199  16:11  Pylon  
  199  16:14  Unknown  
  199  16:18  Pylon  
  193  16:20  Carrier (Chrono Boost)  
  197  16:35  Photon Cannon  
  197  16:38  Photon Cannon  
  197  16:40  Photon Cannon  
  197  16:42  Shield Battery  
  197  16:44  Shield Battery  
  197  16:46  Shield Battery  
  195  16:48  Protoss Air Weapons Level 3 (Chrono Boost)  
  195  16:53  Carrier (Chrono Boost)  
  189  16:58  Carrier (Chrono Boost)  
  197  17:03  Carrier (Chrono Boost)  
  195  17:17  Cybernetics Core  
  195  17:20  Stargate  
  195  17:21  Stargate  
  194  17:34  Zealot x3  
  200  17:50  Observer  
  197  18:12  Observer  
  198  18:15  Protoss Air Armor Level 1 (Chrono Boost)  
  194  18:36  Oracle x2  
  200  18:50  Flux Vanes  
  200  18:58  Photon Cannon  
  200  18:59  Nexus  
  200  19:00  Pylon  
  200  19:01  Photon Cannon  
  200  19:02  Photon Cannon  
  200  19:07  Photon Cannon  
  200  19:08  Shield Battery  
  200  19:10  Shield Battery  
  200  19:12  Shield Battery  
  200  19:27  Protoss Shields Level 2  
  198  19:45  Photon Cannon  
  198  19:48  Pylon  
  198  20:18  Photon Cannon  
  198  20:21  Photon Cannon  
  195  20:22  Photon Cannon  
  195  20:23  Shield Battery, Oracle x2  
  195  20:25  Shield Battery  
  195  20:28  Shield Battery  
  192  21:13  Carrier (Chrono Boost)  
  190  21:26  Carrier (Chrono Boost)  
  178  21:36  Carrier (Chrono Boost)  
  188  21:41  Void Ray x3 (Chrono Boost)  
  188  21:46  Protoss Air Armor Level 2 (Chrono Boost)  
  187  21:51  Assimilator  
  187  21:52  Assimilator  
  187  21:56  Observer  
  200  22:37  Void Ray x2  
  200  22:38  Void Ray  
  200  22:39  Void Ray  
  198  23:04  Assimilator  
  198  23:06  Nexus  
  198  23:08  Pylon  
  198  23:10  Pylon  
  198  23:14  Assimilator  
  191  23:53  Protoss Shields Level 3  
  188  24:03  Carrier x4 (Chrono Boost)  
  188  24:08  Carrier (Chrono Boost)  
  197  24:29  Nexus  
  197  24:30  Pylon  
  197  24:33  Pylon  
  197  24:37  Assimilator  
  197  24:58  Protoss Air Armor Level 3 (Chrono Boost)  
  197  25:03  Dark Templar  
  197  25:27  Nexus  
  197  25:29  Pylon  
  198  25:46  Void Ray x2  
  197  26:05  Nexus  
  197  26:08  Pylon  
  197  26:10  Pylon  
  197  26:13  Pylon  
  197  26:28  Assimilator  
  197  26:33  Assimilator  
  197  26:49  Dark Templar  
  148  27:50  Void Ray x2 (Chrono Boost)  
  148  27:51  Void Ray (Chrono Boost)  
  160  27:52  Void Ray (Chrono Boost)  
  160  27:54  Zealot  
  160  27:55  Zealot x11  
  160  27:58  Void Ray x2 (Chrono Boost)  
  150  28:17  Carrier (Chrono Boost)  
  139  28:20  Zealot x12  
  139  28:23  Void Ray (Chrono Boost)  
  175  28:34  Observer, Void Ray (Chrono Boost)  
  175  28:38  Void Ray x2 (Chrono Boost)  
  172  28:46  Void Ray (Chrono Boost)  
  173  28:56  Observer  
  173  29:01  Void Ray (Chrono Boost)  
  177  29:03  Carrier (Chrono Boost)  
  177  29:06  Carrier x2 (Chrono Boost)  
  193  29:10  High Templar x3  
  193  29:15  Carrier  
  193  29:17  High Templar x3  
  198  29:32  Oracle  
  197  29:45  Nexus  
  197  29:48  Pylon  
  196  30:03  Nexus  
  196  30:05  Pylon  
  194  30:08  Assimilator  
  194  30:16  Protoss Ground Armor Level 1  
  194  30:42  Photon Cannon  
  182  31:16  Zealot x12  
  195  31:26  Oracle (Chrono Boost)  
  186  31:43  Carrier (Chrono Boost)  
  186  31:44  Carrier x2 (Chrono Boost), Oracle (Chrono Boost)  
  197  31:53  Carrier (Chrono Boost)  
  197  31:54  Shield Battery  
  192  31:55  Shield Battery  
  192  31:57  Shield Battery  
  192  31:58  Pylon  
  198  32:17  Dark Templar  
  192  32:54  Oracle  
  185  33:57  Void Ray x4  
  185  33:58  Void Ray  
  185  34:00  Void Ray  
  181  34:46  High Templar x4  
  181  34:49  Assimilator  
  189  34:57  Observer  
  190  35:18  Observer  
  187  35:27  Carrier (Chrono Boost)  
  196  35:36  Carrier (Chrono Boost)  
  199  35:47  Oracle (Chrono Boost)  
  198  36:43  Void Ray  
  198  37:45  Dark Templar  
  131  39:30  Gateway  
  111  39:31  Gateway  
  111  39:33  Gateway  
Tags
 
Add a new tag
Caveats
  • Supply blocks, unpowered buildings, or Contaminate may cause inaccurate times.
  • Supply counts are checked every 10 seconds.